 Dungeon Crawl Stone Soup version 0.14-a0-77-g9a1e883 (webtiles) character file.

218 Kae the Firebug (level 3, 19/19 HPs)
             Began as a Tengu Fire Elementalist on Oct 1, 2013.
             Quit the game on Level 3 of the Dungeon.
             The game lasted 00:02:27 (1595 turns).

Kae the Firebug (Tengu Fire Elementalist)           Turns: 1595, Time: 00:02:27

HP  19/19        AC  2     Str  8      XL: 3   Next: 87%
MP   4/7         EV 13     Int 16      God:
Gold 165         SH  0     Dex 14      Spells:  1 memorised,  4 levels left

Res.Fire  : . . .   See Invis. : .   (no weapon)
Res.Cold  : . . .   Warding    : .   a - +0 robe
Life Prot.: . . .   Conserve   : .   (no shield)
Res.Poison: .       Res.Corr.  : .   (helmet restricted)
Res.Elec. : .       Clarity    : .   (no cloak)
Sust.Abil.: . .     Spirit.Shd : .   (no gloves)
Res.Mut.  : .       Stasis     : .   (boots unavailable)
Res.Rott. : .       Flight     : .   (no amulet)
Saprovore : . . .                    (no ring)
                                     (no ring)

@: not resistant to hostile enchantments, fairly stealthy
A: beak, talons 3
a: no special abilities


You were on level 3 of the Dungeon.
You were not hungry.

You visited 1 branch of the dungeon, and saw 3 of its levels.

You collected 145 gold pieces.

Inventory:

Armour
 a - a +0 robe (worn)
Comestibles
 c - a bread ration
 i - 2 meat rations
 s - a chunk of hobgoblin flesh
Scrolls
 f - a scroll of fog {unknown}
 g - 3 scrolls of identify {unknown}
 h - 2 scrolls of amnesia {unknown}
 k - 2 scrolls of remove curse {unknown}
 m - 3 scrolls of noise {unknown}
 r - 2 scrolls of recharging {unknown}
 t - a scroll of teleportation {unknown}
Potions
 d - a potion of decay {unknown}
 e - 3 potions of curing {unknown}
 j - a potion of blood {unknown}
 l - 2 potions of flight {unknown}
 n - 2 potions of restore abilities {unknown}
 o - a potion of slowing {unknown}
 p - a potion of resistance {unknown}
 q - a potion of cure mutation {unknown}
 u - a potion of poison {unknown}
Books
 b - a book of Flames

   Spells                             Type                      Level
   *Flame Tongue                      Conjuration/Fire             1
   Throw Flame                        Conjuration/Fire             2
   Conjure Flame                      Conjuration/Fire             3
   Inner Flame                        Hexes/Fire                   3
   Sticky Flame                       Conjuration/Fire             4
   Fireball                           Conjuration/Fire             5


   Skills:
 + Level 0.2 Fighting
 + Level 2.8 Dodging
 + Level 2.0 Stealth
 + Level 1.5 Spellcasting
 + Level 2.2 Conjurations
 + Level 4.1 Fire Magic


You had 4 spell levels left.
You knew the following spells:

 Your Spells              Type           Power        Failure   Level  Hunger
a - Flame Tongue          Conj/Fire      ##...        8%          1    ##.....


Dungeon Overview and Level Annotations

Branches:
Dungeon (3/27)

Altars:


Innate Abilities, Weirdness & Mutations

You have a beak for a mouth.
You have claws for feet.


Message History

You can't see any susceptible monsters within range! (Use Z to cast anyway.)
You spend a moment contemplating the meaning of life.
You see here a rat corpse.
Found a crooked smoking staff.
You spend a moment contemplating the meaning of life.
u - a gluggy pink potion You spend a moment contemplating the meaning of life.
Found 20 darts.
You spend a moment contemplating the meaning of life.
You see here a crooked smoking staff.
Key pressed, stopping explore.
You spend a moment contemplating the meaning of life.
An adder comes into view.
Found a scroll labeled FRUXTINUAK.
You spend a moment contemplating the meaning of life.
An adder is nearby!
You spend a moment contemplating the meaning of life.
An adder is nearby!
You see here a crooked smoking staff.
Are you sure you want to abandon this character and quit the game? (Confirm with "yes".)

............ ... ...
....... #.# #.# #....#
#.# ##.###....# #.#
#.........# #.#
#.........#
#.######.........#
......%..........#
.......%........@#
....####.........####.#
....# #..............#
....# ########.#######
......
...........?.....
.......########........
#.####.# #........ ...
.. .(....... ...
........


There were no monsters in sight!

Vanquished Creatures
  An adder (D:2)
  A worm (D:2)
  2 giant cockroaches
  6 hobgoblins
  4 kobolds
  7 bats
  9 giant newts (D:1)
  5 goblins
  A quokka (D:2)
  2 rats
38 creatures vanquished.

Notes
Turn   | Place    | Note
--------------------------------------------------------------
     0 | D:1      | Kae, the Tengu Fire Elementalist, began the quest for the Orb.
     0 | D:1      | Reached XP level 1. HP: 10/10 MP: 3/3
   228 | D:1      | Reached XP level 2. HP: 4/15 MP: 0/5
   930 | D:2      | Reached XP level 3. HP: 19/19 MP: 4/6
   987 | D:2      | Reached skill level 4 in Fire Magic
  1595 | D:3      | Quit the game

Action                   || total
-------------------------++-------
Melee: Unarmed           ||    10
 Cast: Flame Tongue      ||    64
